 Dungeon Crawl Stone Soup version 0.23.0 (webtiles) character file.

Game seed: 749026241132049302

944 inmateoo the Fighter (level 7, -3/64 HPs)
             Began as a Mummy Wanderer on Feb 14, 2019.
             Was an Initiate of Gozag.
             Slain by a gnoll sergeant
             ... wielding a +0 trident
              (7 damage)
             ... on level 5 of the Dungeon.
             The game lasted 00:05:02 (4019 turns).

inmateoo the Fighter (Mummy Wanderer)               Turns: 4019, Time: 00:05:03

Health: -3/64      AC: 12    Str: 20    XL:     7   Next: 88%
Magic:  7/7        EV:  9    Int: 10    God:    Gozag
Gold:   364        SH:  0    Dex: 10    Spells: 6/6 levels left

rFire    x . .     SeeInvis .   d - +0 hand crossbow
rCold    + . .     Gourm    .   (no shield)
rNeg     + + +     Faith    .   a - +3 scale mail
rPois    ∞         Spirit   .   m - +0 helmet
rElec    .         Reflect  .   j - +0 cloak
rCorr    .         Harm     .   (no gloves)
MR       .....                  (no boots)
Stlth    ..........             (no amulet)
HPRegen  0.20/turn              r - -2 ring of slaying (curse)
MPRegen  0.10/turn              (no ring)

@: no status effects
A: no food or potions, fire vulnerability, cold resistance 1, negative energy
resistance 3, torment resistance, unbreathing
a: Potion Petition, Call Merchant, Bribe Branch, Renounce Religion


You were on level 5 of the Dungeon.
You worshipped Gozag.
Gozag was aware of your devotion.
You were not hungry.

You visited 1 branch of the dungeon, and saw 5 of its levels.

You collected 436 gold pieces.
You paid 72 gold pieces to Gozag.

Inventory:

Hand Weapons
 b - a +0 shortbow
 d - a +0 hand crossbow (weapon)
 f - a +0 club
 l - a +0 falchion
Missiles
 c - 91 arrows
 e - 13 bolts (quivered)
Armour
 a - a +3 scale mail (worn)
 j - a +0 cloak (worn)
 m - a +0 helmet (worn)
 q - a +0 buckler
Magical Staves
 o - an uncursed staff of conjuration
Jewellery
 r - a cursed -2 ring of slaying (left hand)
Scrolls
 g - 2 scrolls of magic mapping
 i - 2 scrolls of identify
 n - a scroll of amnesia


   Skills:
 + Level 9.3 Fighting
 - Level 1.5 Crossbows
 - Level 1.5 Throwing
 - Level 3.2 Armour


You had 6 spell levels left.
You didn't know any spells.
Your spell library contained the following spells:

 Spells                   Type           Power        Failure   Level  Hunger
 Flame Tongue             Conj/Fire      #....        71%         1    N/A
 Throw Flame              Conj/Fire      #.....       85%         2    N/A
 Conjure Flame            Conj/Fire      #.......     97%         3    N/A
 Inner Flame              Hex/Fire       #.......     97%         3    N/A
 Sticky Flame             Conj/Fire      #.......     100%        4    N/A
 Fireball                 Conj/Fire      #.........   100%        5    N/A

Dungeon Overview and Level Annotations

Branches:
Dungeon (5/15)
 Temple: D:4-7

Altars:
Gozag


Innate Abilities, Weirdness & Mutations

You do not eat or drink.
Your flesh is vulnerable to fire.
You are immune to poison.
Your flesh is cold resistant. (rC+)
You are immune to negative energy. (rN+++)
You are immune to unholy pain and torment.
You can survive without breathing.


Message History

The bolt hits the gnoll sergeant but does no damage.
The gnoll sergeant is severely wounded.
The gnoll sergeant hits you from afar with a +0 trident.
* * * LOW HITPOINT WARNING * * *
Unknown command.
Firing (i - inventory)
e - 15 bolts (quivered)
Press: ? - help, Shift-Dir - straight line, f/p - gnoll sergeant
Aim: a gnoll sergeant, wielding a +0 trident, wearing a +0 scale mail and wearing a cursed +0 buckler (severely wounded)
You shoot a bolt. The bolt hits the gnoll sergeant.
The gnoll sergeant is severely wounded.
The gnoll sergeant hits you from afar with a +0 trident.
* * * LOW HITPOINT WARNING * * *
Unknown command.
Firing (i - inventory)
e - 14 bolts (quivered)
Press: ? - help, Shift-Dir - straight line, f/p - gnoll sergeant
Aim: a gnoll sergeant, wielding a +0 trident, wearing a +0 scale mail and wearing a cursed +0 buckler (severely wounded)
You shoot a bolt. The gnoll sergeant blocks the bolt.
The gnoll sergeant hits you from afar with a +0 trident!
You die...
Your body crumbles into a pile of gold.

********* #.#####.#
*,,,,,,,* #.......#
****,,,,,,,* #.##.##.#
,,,,,,,,,,,* #.#..##.#
***,,,,,,,,* #.#.###.#
***,,,,,,,,* #.#>###(#
,,,,,,,,,,,* #.......#
,,,,,,,,,,,* ###.#####
****,*****,* #@#
*,,,,,,***,* #.#
*,**,,,,,,,* #g#
*,****,********#g#*****
,,,,,*,**,,,,,,.$.,,,,*
*,,,,,,,,,****##$##**,*
*,,*,,,**,*
#(#***,***********
*,,,,,,,,,*
#(#*,,,,,,,,,,,,,,
,,,,,,,,*,*
#(#,<*,***********


You could see a gnoll sergeant and a gnoll.

Vanquished Creatures
  An ogre (D:4)
  A black bear (D:5)
  A phantom (D:4)
  A centaur (D:5)
  A bullfrog (D:4)
  2 scorpions (D:4)
  A hound (D:4)
  2 orc priests
  Natasha (thrice) (D:2)
  An orc wizard (D:4)
  4 worker ants (D:4)
  Robin (D:3)
  2 gnolls (D:5)
  A worker ant zombie (D:3)
  3 adders
  An ooze (D:3)
  4 worms
  3 dart slugs (D:1)
  2 leopard geckos
  10 orcs
  7 bats
  16 goblins
  7 hobgoblins
  7 kobolds
  A quokka (D:2)
  2 ball pythons (D:2)
  7 frilled lizards
  A quokka skeleton (D:4)
  5 rats
98 creatures vanquished.

Notes
Turn   | Place    | Note
-------+----------+-------------------------------------------
     0 | D:1      | inmateoo the Mummy Wanderer began the quest for the Orb.
     0 | D:1      | inmateoo set off with the following items: a +2 scale mail,
                  | a +0 shortbow, 24 arrows, a +0 hand crossbow, 23 bolts
     0 | D:1      | Reached XP level 1. HP: 16/16 MP: 1/1
   277 | D:1      | Reached XP level 2. HP: 17/23 MP: 2/2
   416 | D:1      | Reached skill level 3 in Fighting
   986 | D:2      | Reached XP level 3. HP: 29/29 MP: 3/3
  1046 | D:2      | Noticed Natasha
  1053 | D:2      | Killed Natasha
  1053 | D:2      | Reached skill level 4 in Fighting
  1342 | D:2      | Reached XP level 4. HP: 38/38 MP: 4/4
  1456 | D:2      | Noticed Natasha
  1476 | D:2      | Killed Natasha
  1529 | D:2      | Noticed Natasha
  1677 | D:2      | Killed Natasha
  1677 | D:2      | Reached skill level 5 in Fighting
  2200 | D:2      | Reached XP level 5. HP: 44/44 MP: 5/5
  2424 | D:3      | Noticed Robin
  2455 | D:3      | Killed Robin
  2778 | D:3      | Reached skill level 6 in Fighting
  3150 | D:4      | Noticed a phantom
  3167 | D:4      | Killed a phantom
  3167 | D:4      | Reached XP level 6. HP: 32/53 MP: 6/6
  3299 | D:4      | Found an opulent altar of Gozag.
  3307 | D:4      | Became a worshipper of Gozag Ym Sagoz the Greedy
  3486 | D:4      | Reached skill level 7 in Fighting
  3591 | D:4      | Reached XP level 7. HP: 46/61 MP: 7/7
  3592 | D:4      | Reached skill level 8 in Fighting
  3937 | D:5      | Entered Level 5 of the Dungeon
  3958 | D:5      | Reached skill level 9 in Fighting
  4019 | D:5      | Slain by a gnoll sergeant

Skill      XL: |  1  2  3  4  5  6  7 |
---------------+----------------------+-----
Fighting       | 3 4 5 6 7 9 |  9.3
Crossbows      | |  1.5
Throwing       | |  1.5
Armour         | |  3.2

Action                   |  1- 3 |  4- 6 |  7- 9 || total
-------------------------+-------+-------+-------++-------
Melee: Club              |       |     1 |       ||     1
 Fire: Shortbow          |   105 |   151 |       ||   256
       Hand crossbow     |       |    51 |    60 ||   111
  Use: Scroll            |       |       |     6 ||     6
Armor: Scale mail        |    34 |    68 |    19 ||   121
Dodge: Dodged            |    31 |    60 |    20 ||   111
